 Dungeon Crawl Stone Soup version 0.28.0-43-g3370ac3207 (webtiles) character file.

Game seed: 3126066257769037504

229 issech the Cudgeller (level 5, -2/47 HPs)
             Began as a Troll Monk on Mar 14, 2022.
             Was a Believer of Hepliaklqana.
             Slain by an ogre
             ... wielding a +0 giant spiked club
              (25 damage)
             ... on level 4 of the Dungeon.
             The game lasted 00:08:05 (3269 turns).

issech the Cudgeller (Troll Monk)                   Turns: 3269, Time: 00:08:06

Health: -2/47      AC:  4    Str: 19    XL:     5   Next: 71%
Magic:  4/4        EV: 11    Int:  6    God:    Hepliaklqana [**....]
Gold:   216        SH:  0    Dex: 14    Spells: 4/4 levels left

rFire   . . .      SeeInvis .   t - +0 flail
rCold   . . .      Faith    .   (no shield)
rNeg    . . .      Spirit   .   b - +0 robe
rPois   .          Reflect  .   (helmet restricted)
rElec   .          Harm     .   (no cloak)
rCorr   .          Rampage  .   (gloves unavailable)
Will    .....                   (boots unavailable)
Stlth   ++........              (no amulet)
HPRegen 0.95/turn               (no ring)
MPRegen 0.09/turn               (no ring)

@: no status effects
A: reduced essence, large, unfitting armour, claws 3, regeneration 1, shaggy fur
1, tough skin 1
a: Renounce Religion, Recall Ancestor, Ancestor Identity


You were on level 4 of the Dungeon.
You worshipped Hepliaklqana.
Hepliaklqana was pleased with you.
You visited 2 branches of the dungeon, and saw 5 of its levels.

You collected 216 gold pieces.

Inventory:

Hand Weapons
 a - a +0 mace
 s - a +0 dagger of speed
 t - a +0 flail (weapon)
Missiles
 f - 96 stones (quivered)
 k - 42 arrows
 l - 25 sling bullets
 p - 21 bolts
 q - 4 boomerangs
 r - 6 poisoned darts
 w - 3 javelins
Armour
 b - a +0 robe (worn)
Scrolls
 c - a scroll of noise {unknown}
 d - a scroll of identify {unknown}
 e - a scroll of magic mapping {unknown}
 g - a scroll of teleportation {unknown}
 h - 2 scrolls of brand weapon {unknown}
 m - a scroll of enchant armour {unknown}
 n - 4 scrolls of fear {unknown}
 o - 2 scrolls of blinking {unknown}
 u - a scroll of holy word {unknown}
 v - a scroll of amnesia {unknown}
 x - a scroll of fog {unknown}
Potions
 i - a potion of degeneration {unknown}
 j - a potion of flight {unknown}


   Skills:
 + Level 3.2 Fighting
 + Level 4.2 Maces & Flails
 + Level 0.1 Throwing
 + Level 3.5 Dodging
 + Level 1.4 Stealth


You had 4 spell levels left.
You didn't know any spells.
Your spell library contained the following spells:

 Spells                   Type           Power      Damage    Failure   Level
 Beastly Appendage        Tmut           0%         N/A       45%         1
 Wereblood                Tmut           0%         N/A       58%         2
 Ozocubu's Armour         Ice            0%         N/A       83%         3
 Spider Form              Tmut/Pois      0%         N/A       83%         3
 Metabolic Englaciation   Hex/Ice        0%         N/A       100%        5
 Simulacrum               Ice/Necr       0%         N/A       100%        6


Dungeon Overview and Level Annotations

Branches:
Dungeon (4/15)             Temple (1/1) D:4

Altars:
Ashenzari
Cheibriados
Dithmenos
Elyvilon
Fedhas
Gozag
Hepliaklqana
Kikubaaqudgha
Makhleb
Nemelex Xobeh
Okawaru
Qazlal
Ru
Sif Muna
Trog
Uskayaw
Vehumet
Wu Jian
Xom
Yredelemnul
The Shining One


Innate Abilities, Weirdness & Mutations

Your life essence is reduced to manifest your ancestor. (-10% HP)
You are too large for most types of armour.
You have claws for hands.
Your natural rate of healing is unusually fast.
You are covered in fur. (AC +1)
You have tough skin. (AC +1)


Message History

There is an open gate here.
There is an open gate here.
Done exploring.
Done exploring.
Done exploring.
There is an open gate here.
There is a staircase back to the Dungeon here.
You climb upwards.
Welcome back to the Dungeon!
The goblin shouts!
The goblin throws a stone.
The stone closely misses you.
There is a staircase to the Ecumenical Temple here.
You thump the goblin!
You kill the goblin!
f - 96 stones (gained 16)
You now have 201 gold pieces (gained 6).
You see here a +0 dagger.
You now have 216 gold pieces (gained 15).
A ball python comes into view.
An ogre and a scorpion come into view.
The ball python hisses angrily.
You hit the ball python.
You kill the ball python!
You swap places.
You swap places.
The ogre barely misses you.
You barely miss the ogre. The ogre barely misses you.
You sock the ogre!
The ogre is heavily wounded.
The scorpion stings you but does no damage.
The scorpion stings you.
The ogre hits you with a +0 giant spiked club!!
You hit the ogre but do no damage.
The ogre is heavily wounded.
The scorpion barely misses you.
Unknown command.
You hit the ogre. You claw the ogre, but do no damage.
The ogre is heavily wounded.
The scorpion closely misses you.
The ogre hits you with a +0 giant spiked club!!
Ouch! That really hurt!
You die...

#..... #.....
#..... #.....
#..... #.....
#.....#######.
#....†Os......
######@#######
###.R#### #.#
#.......## #..
#...#####..###
#.# .#.##
##...#######
#.# ##
##..[.....####
#.# #
#............
#.#######
#..#.#.#.#.#.
#.##....#
#............


You could see the friendly Chitauli the battlemage, an ogre (ally target) and a
scorpion.

Vanquished Creatures
  A hound (D:4)
  An orc wizard (D:4)
  A hound skeleton (D:4)
  4 gnolls (D:3)
  5 adders
  A worm (D:4)
  2 orcs (D:4)
  6 bats
  4 endoplasms
  3 giant cockroaches
  7 goblins
  5 hobgoblins
  9 jackals
  10 kobolds
  5 ball pythons
  3 frilled lizards
  7 rats
74 creatures vanquished.

Vanquished Creatures (others)
  An orc wizard (D:4)
  5 fungi (D:4)
6 creatures vanquished.

Grand Total: 80 creatures vanquished

Notes
Turn   | Place    | Note
-------+----------+-------------------------------------------
     0 | D:1      | issech the Troll Monk began the quest for the Orb.
     0 | D:1      | Reached XP level 1. HP: 22/22 MP: 0/0
    80 | D:1      | Reached XP level 2. HP: 29/29 MP: 1/1
   212 | D:1      | Reached skill level 3 in Maces & Flails
  1006 | D:2      | Reached XP level 3. HP: 27/36 MP: 2/2
  1154 | D:2      | Found a faded altar of an unknown god.
  1661 | D:3      | Reached XP level 4. HP: 42/44 MP: 3/3
  2283 | D:3      | Found a shimmering blue altar of Sif Muna.
  2593 | D:4      | Reached XP level 5. HP: 49/53 MP: 4/4
  2630 | D:4      | Reached skill level 4 in Maces & Flails
  2766 | D:4      | Found a staircase to the Ecumenical Temple.
  2807 | Temple   | Entered the Ecumenical Temple
  2929 | Temple   | Became a worshipper of Hepliaklqana the Forgotten
  2929 | Temple   | Reached * piety under Hepliaklqana
  2929 | Temple   | Reached ** piety under Hepliaklqana
  2934 | Temple   | Remembered your ancestor Chitauli as a battlemage
  3260 | D:4      | Noticed an ogre
  3269 | D:4      | Slain by an ogre

Illustrated notes

Levels and vault maps discovered:
D:1:      dpeg_arrival_simpleton_c, layout_basic,
          hangedman_decor_clover_reticule
D:2:      layout_loops_ring, hellmonk_ecumenical_altar_dog_temple,
          glass_columns_a, hangedman_abyss_or_decor_lesser_grid,
          hangedman_decor_peaks_small
D:3:      layout_loops_corners, general_overflow_altar
D:4:      layout_rooms, minmay_temple_entry_glass, serial_aquarium,
          aquarium_bridge_square [aquarium_subvault_window,
          aquarium_subvault_bridge, aquarium_subvault_wall,
          aquarium_subvault_bridge], aquarium_window_fake,
          aquarium_window_corridor_2, aquarium_window_fake,
          aquarium_window_corner, aquarium_view_4, aquarium_pool_1
Temple:   mainiacjoe_temple_big_plus

Skill      XL: |  1  2  3  4  5 |
---------------+----------------+-----
Maces & Flails | 3 4 |  4.2
Dodging        | 3 |  3.5
Fighting       | 3 |  3.2
Throwing       | |  0.1
Stealth        | |  1.4

Action                   |  1- 3 |  4- 6 || total
-------------------------+-------+-------++-------
Melee: Mace              |   153 |   127 ||   280
       Punch             |     2 |     3 ||     5
       Flail             |       |     9 ||     9
Throw: Stone             |     4 |     5 ||     9
Invok: Ancestor Life: Ba |       |     1 ||     1
 Stab: Sleeping          |     1 |     3 ||     4
Armor: Robe              |    88 |    46 ||   134
Dodge: Dodged            |   118 |    70 ||   188
